 Dungeon Crawl Stone Soup version 0.30-a0-937-ga0a21ad780 (webtiles) character file.

Game seed: 6014784880032217640

17826 senseless the Skirmisher (level 12, -2/108 HPs)
             Began as a Hill Orc Monk on Mar 22, 2023.
             Was a Priest of Okawaru.
             Slain by an orc warrior
             ... wielding a +0 trident
             ... led by the wrath of Beogh
              (4 damage)
             ... on level 12 of the Dungeon on Mar 24, 2023.
             The game lasted 00:54:55 (13393 turns).

senseless the Skirmisher (Hill Orc Monk)           Turns: 13393, Time: 00:54:56

Health: -2/108     AC: 22    Str: 28    XL:     12   Next: 52%
Magic:  12/12      EV: 15    Int:  6    God:    Okawaru [***...]
Gold:   133        SH:  0    Dex: 21    Spells: 11/11 levels left

rFire   . . .      SeeInvis +    a - +8 dagger "Qefrient" {freeze, *Rage Will+ Dex+6}
rCold   . . .      Faith    +    (no shield)
rNeg    . . .      Spirit   .    M - +7 leather armour "Xooroot" {*Slow Will+ Str+7 Slay+2}
rPois   .          Reflect  .    U - +0 helmet
rElec   .          Rampage  .    m - scarf {repulsion}
rCorr   +          Rage     20%  S - +1 pair of gloves of Boaduro {Fly rCorr}
Will    +++++                    x - +2 pair of boots
Stlth   ++                       p - amulet of the Suburbs {Faith Will+++ Str+4 Int-4 SInv}
HPRegen 0.38/turn                j - +4 ring of protection
MPRegen 0.13/turn                E - ring of willpower

@: flying, repel missiles
A: no striking features
a: Renounce Religion, Convert to Beogh, Heroism


You were on level 12 of the Dungeon.
You worshipped Okawaru.
Okawaru was most pleased with you.
You visited 2 branches of the dungeon, and saw 13 of its levels.

You collected 727 gold pieces.
You spent 594 gold pieces at shops.

Inventory:

Hand Weapons
 a - the +8 dagger "Qefrient" (weapon) {freeze, *Rage Will+ Dex+6}
   (You found it on level 4 of the Dungeon)

   Dex:       It affects your dexterity (+6).
   *Rage:     It berserks you when you make melee attacks (+20% chance).
   Will:      It increases your willpower.
 b - the +6 arbalest "Damnation" {damnation}
   (You found it on level 2 of the Dungeon)
 L - a +4 dire flail of freezing
Missiles
 d - 9 datura-tipped darts (quivered)
 n - 57 poisoned darts
 J - 7 curare-tipped darts
 K - 2 atropa-tipped darts
Armour
 m - a scarf of repulsion (worn)
 x - a +2 pair of boots (worn)
 H - a +0 cloak
 M - the +7 leather armour "Xooroot" (worn) {*Slow Will+ Str+7 Slay+2}
   (You found it on level 8 of the Dungeon)

   Str:       It affects your strength (+7).
   Slay:      It affects your accuracy & damage with ranged weapons and melee
   (+2).
   *Slow:     It may slow you when you take damage.
   Will:      It increases your willpower.
 S - the +1 pair of gloves of Boaduro (worn) {Fly rCorr}
   (You bought it in a shop on level 8 of the Dungeon)

   Fly:       It grants you flight.
   rCorr:     It protects you from acid and corrosion.
 T - a +0 kite shield
 U - a +0 helmet (worn)
Jewellery
 e - a ring of protection from fire
 j - a +4 ring of protection (left hand)
 p - the amulet of the Suburbs (around neck) {Faith Will+++ Str+4 Int-4 SInv}
   (You found it on level 5 of the Dungeon)

   [amulet of faith]

   It allows you to gain divine favour quickly.
   Str:       It affects your strength (+4).
   Int:       It affects your intelligence (-4).
   SInv:      It lets you see invisible.
   Will:      It greatly increases your willpower.
 E - a ring of willpower (right hand)
 X - a ring of fire
Wands
 u - a wand of mindburst (25)
 y - a wand of flame (19)
 A - a wand of quicksilver (13)
 B - a wand of polymorph (10)
 F - a wand of roots (16)
 G - a wand of digging (6)
 R - a wand of paralysis (13)
Scrolls
 k - a scroll of poison
 w - 2 scrolls of fog
 z - 2 scrolls of fear
 O - a scroll of magic mapping
 V - a scroll of teleportation
 Z - a scroll of enchant weapon
Potions
 f - 8 potions of curing
 h - a potion of magic
 i - 3 potions of mutation
 l - a potion of might
 o - 2 potions of attraction
 r - 3 potions of lignification
 t - a potion of berserk rage
 C - a potion of brilliance
 N - 2 potions of cancellation
 P - 3 potions of flight


   Skills:
 + Level 10.7 Fighting
 + Level 8.5 Short Blades
 - Level 4.5 Maces & Flails
 * Level 11.5 Ranged Weapons
 + Level 9.3 Armour
 + Level 5.0 Dodging
 - Level 2.5 Stealth


You had 11 spell levels left.
You didn't know any spells.
Your spell library contained the following spells:

 Spells                   Type           Power      Damage    Failure   Level
 Foxfire                  Conj/Fire      0%         2x1d4     50%         1
 Magic Dart               Conj           0%         1d3       50%         1
 Shock                    Conj/Air       0%         1d3       50%         1
 Slow                     Hex            0%         N/A       50%         1
 Confusing Touch          Hex            0%         N/A       86%         3
 Ignite Poison            Fire/Tmut/Pois 0%         N/A       86%         3
 Kindle Blastsparks       Fire/Tloc/Air  0%         2d10      86%         3
 Mephitic Cloud           Conj/Pois/Air  0%         N/A       86%         3
 Swiftness                Air            0%         N/A       86%         3
 Vampiric Draining        Necr           0%         2d6       86%         3
 Airstrike                Air            0%         2d(0-16)  99%         4
 Fulminant Prism          Conj/Hex       0%         3d5       99%         4
 Iskenderun's Mystic Bla  Conj/Tloc      0%         2d3       99%         4
 Fireball                 Conj/Fire      0%         3d3       100%        5
 Freezing Cloud           Conj/Ice/Air   0%         6-21      100%        5
 Lee's Rapid Deconstruct  Erth           0%         3d4*      100%        5
 Yara's Violent Unravell  Hex/Tmut       0%         3d3       100%        5
 Starburst                Conj/Fire      0%         6d3       100%        6
 Enfeeble                 Hex            0%         N/A       100%        7
 Call Imp                 Summ           Unusable   N/A       N/A         2

Dungeon Overview and Level Annotations

Branches:
Dungeon (12/15)            Temple (1/1) D:7            Lair (0/5) D:8
    Orc (0/2) D:11

Altars:
Ashenzari
Cheibriados
Dithmenos
Elyvilon
Fedhas
Gozag
Hepliaklqana
Kikubaaqudgha
Makhleb
Nemelex Xobeh
Okawaru
Qazlal
Ru
Sif Muna
Trog
Uskayaw
Vehumet
Wu Jian
Xom
Yredelemnul
Zin
The Shining One

Shops:
D:8 [   D:10 !   D:11 ?


Message History

The orcs go into a battle-frenzy!
The orc warrior closely misses you.
You hit the orc warrior but do no damage.
The orc priest looks encouraged for a moment.
You hit the orc warrior but do no damage.
The orc warrior hits you but does no damage.
You completely miss the orc warrior.
The orc warrior attacks as you move away!
The orc warrior barely misses you.
The orc warrior attacks as you move away!
The orc warrior hits you but does no damage.
The orc priest looks satisfied for a moment.
The orc warrior attacks as you move away!
The orc warrior hits you with a +0 hand axe!
* * * LOW HITPOINT WARNING * * *
The orc warrior attacks as you move away!
The orc warrior hits you but does no damage.
The orc warrior attacks as you move away!
The orc warrior hits you with a +0 hand axe.
* * * LOW HITPOINT WARNING * * *
The orc no longer looks unusually strong.
Hilgar roars a battlecry!
The orc goes into a battle-frenzy!
The orc warrior no longer looks unusually strong.
The orc warrior attacks as you move away!
The orc warrior misses you.
The orc warrior attacks as you move away!
The orc warrior hits you with a +0 hand axe.
* * * LOW HITPOINT WARNING * * *
The orc warrior no longer looks unusually strong.
The orc priest calls down the wrath of Beogh upon you.
Beogh smites you!
* * * LOW HITPOINT WARNING * * *
The orc priest no longer looks unusually strong.
The orc warrior attacks as you move away!
The orc warrior hits you with a +0 hand axe!
* * * LOW HITPOINT WARNING * * *
There is a stone staircase leading down here.
The orc warrior hits you from afar with a +0 trident.
You die...

########## #########
#........####.......#
#...................#
#...................#
#...................#######
######.........................#
........................o......#
..............o.........o......#
oo...........o.o@..####'##.....#
#########..........#.....#.O...#
+..........'.....#o....#
####.......#.....#.....#
#.......'....##o....#
#.......#....#.....##
#.....>.#....##o...#
#.......#.....#....#
#.......#.....#....#


You could see 2 orc warriors and an orc priest.

Vanquished Creatures
  5 orc warlords
  A boulder beetle (D:11)
  2 centaur warriors
  4 two-headed ogres
  An orc high priest (D:11)
  The ghost of Frigobar the Ruffian, a novice TrBe of Trog (D:6)
  An orc knight (D:9)
  Pikel (D:7)
  A cyclops (D:12)
  Maurice (D:8)
  An orc sorcerer (D:8)
  Joseph (D:8)
  A gargoyle (D:10)
  2 unseen horrors
  A rime drake (D:8)
  The ghost of Takeo the Covert, a novice KoBr (D:4)
  A freezing wraith (D:10)
  4 trolls
  2 hornets
  A polar bear (D:8)
  Sigmund (D:3)
  A shadow (D:10)
  2 wyverns
  A vampire (D:11)
  2 wraiths
  A steam dragon (D:7)
  5 yaks (D:10)
  7 vampire mosquitoes
  5 dancing weapons
  4 wargs (D:9)
  Duvessa (D:7)
  3 water moccasins
  32 orc warriors
  A swamp drake (D:11)
  6 ice beasts
  A black bear (D:8)
  A sky beast (D:8)
  7 ogres
  7 centaurs
  3 wolves (D:8)
  8 kobold brigands
  2 phantoms
  Blork the orc (D:6)
  2 bullfrogs
  A gnoll sergeant (D:6)
  A scorpion (D:6)
  11 wights
  Dowan (D:7)
  5 killer bees (D:8)
  7 howler monkeys
  2 hounds
  A jelly (D:8)
  11 orc priests
  2 sleepcaps (D:8)
  6 iguanas
  18 orc wizards
  7 adders
  7 gnolls
  8 river rats (D:4)
  A white imp (D:6)
  2 ufetubi
  74 orcs
  5 ball pythons
  4 bats (D:1)
  10 endoplasms
  5 giant cockroaches
  6 goblins
  3 hobgoblins
  6 jackals
  31 kobolds
  3 quokkas
  3 frilled lizards
  16 rats
394 creatures vanquished.

Vanquished Creatures (collateral kills)
  A scorpion (D:5)
1 creature vanquished.

Vanquished Creatures (others)
  A fungus (D:4)
  3 plants (D:4)
4 creatures vanquished.

Grand Total: 399 creatures vanquished

Notes
Turn   | Place    | Note
-------+----------+-------------------------------------------
     0 | D:1      | senseless the Hill Orc Monk began the quest for the Orb.
     0 | D:1      | Reached XP level 1. HP: 19/19 MP: 1/1
   119 | D:1      | Reached XP level 2. HP: 10/27 MP: 2/2
  1023 | D:2      | Found an ornate altar of the Wu Jian Council.
  1064 | D:2      | Reached XP level 3. HP: 15/33 MP: 3/3
  1478 | D:2      | Found the +6 arbalest "Damnation" {damnation}
  1914 | D:3      | Found a white marble altar of Elyvilon.
  2118 | D:3      | Became a worshipper of Beogh the Brigand
  2118 | D:3      | Reached * piety under Beogh
  2118 | D:3      | Reached ** piety under Beogh
  2159 | D:3      | Reached XP level 4. HP: 40/40 MP: 4/4
  2179 | D:3      | Reached skill level 1 in Ranged Weapons
  2418 | D:3      | Noticed Sigmund
  2420 | D:3      | Killed Sigmund
  2421 | D:3      | Reached skill level 2 in Ranged Weapons
  2421 | D:3      | Reached skill level 1 in Armour
  2421 | D:3      | Reached XP level 5. HP: 47/47 MP: 5/5
  2421 | D:3      | Reached XP level 6. HP: 53/53 MP: 6/6
  2670 | D:4      | Noticed an ice beast
  2681 | D:4      | Reached skill level 3 in Ranged Weapons
  2700 | D:4      | HP: 2/53 [ice beast (14)]
  2704 | D:4      | Killed an ice beast
  2931 | D:4      | Found an opulent altar of Gozag.
  2999 | D:4      | Identified the +8 dagger "Qefrient" {freeze, *Rage Will+
                  | Dex+6}
  3107 | D:4      | Found a runed translucent gate.
  3107 | D:4      | Noticed Takeo's ghost (novice KoBr)
  3108 | D:4      | Found a runed translucent gate.
  3109 | D:4      | Found a runed translucent gate.
  3164 | D:4      | Reached XP level 7. HP: 60/60 MP: 7/7
  3338 | D:4      | Reached skill level 5 in Fighting
  3352 | D:4      | Found a stormy altar of Qazlal.
  3461 | D:4      | You fall into a shaft and drop 2 floors!
  3470 | D:5      | Entered Level 5 of the Dungeon
  3483 | D:5      | Reached skill level 4 in Ranged Weapons
  3490 | D:5      | Reached skill level 1 in Short Blades
  3776 | D:4      | Reached *** piety under Beogh
  3867 | D:5      | Identified the amulet of the Suburbs {Faith Will+++ Str+4
                  | Int-4 SInv}
  3918 | D:5      | Reached XP level 8. HP: 69/69 MP: 8/8
  3928 | D:5      | Fell from the grace of Beogh
  4394 | D:6      | Found a radiant altar of Vehumet.
  4406 | D:6      | Reached skill level 5 in Ranged Weapons
  4474 | D:6      | Noticed Blork the orc
  4476 | D:6      | Killed Blork the orc
  5101 | D:6      | Found a runed translucent door.
  5112 | D:6      | Noticed Frigobar's ghost (novice TrBe)
  5372 | D:7      | Noticed Duvessa
  5372 | D:7      | Noticed Dowan
  5374 | D:7      | Killed Duvessa
  5379 | D:7      | Killed Dowan
  5380 | D:7      | Reached skill level 6 in Ranged Weapons
  5390 | D:7      | Reached XP level 9. HP: 78/78 MP: 9/9
  5478 | D:7      | Reached skill level 5 in Armour
  5566 | D:7      | Found a staircase to the Ecumenical Temple.
  5597 | Temple   | Entered the Ecumenical Temple
  5702 | D:7      | Noticed Pikel
  5704 | D:7      | Killed Pikel
  5768 | D:7      | Reached skill level 7 in Ranged Weapons
  6234 | D:6      | Killed Frigobar's ghost
  6357 | D:4      | Killed Takeo's ghost
  6358 | D:4      | Reached skill level 5 in Short Blades
  6653 | D:8      | Noticed Joseph
  6656 | D:8      | Reached XP level 10. HP: 79/88 MP: 10/10
  6657 | D:8      | Reached skill level 8 in Ranged Weapons
  6658 | D:8      | Killed Joseph
  6721 | D:8      | Noticed a two-headed ogre
  6733 | D:8      | Killed a two-headed ogre
  6800 | D:8      | Identified the +7 leather armour "Xooroot" {*Slow Will+
                  | Str+7 Slay+2}
  6871 | D:8      | Reached skill level 9 in Ranged Weapons
  6976 | D:8      | Found a staircase to the Lair.
  7258 | D:8      | Noticed Korbok
  7258 | D:8      | Noticed an orc sorcerer
  7347 | D:8      | Reached XP level 11. HP: 97/97 MP: 11/11
  7576 | D:8      | Found a shadowy altar of Dithmenos.
  7659 | D:8      | Killed an orc sorcerer
  7665 | D:8      | Killed Korbok the orc warlord
  7818 | D:8      | Noticed Maurice
  7821 | D:8      | Killed Maurice
  7866 | D:8      | Found Tiroyteg's Armour Emporium.
  7875 | D:8      | Bought the +1 pair of gloves of Boaduro {Fly rCorr} for 314
                  | gold pieces
  7875 | D:8      | Bought a +0 kite shield for 58 gold pieces
  7875 | D:8      | Bought a +0 helmet for 58 gold pieces
  8270 | D:9      | Noticed an orc warlord
  8302 | D:9      | Killed an orc warlord
  8560 | D:9      | Noticed an orc warlord
  8612 | D:10     | Entered Level 10 of the Dungeon
  8930 | D:9      | Identified the +2 scale mail of the Leaf {rF+ Will+}
  9009 | D:9      | Upgraded the game from 0.30-a0-924-g0ad0bf95bc to
                  | 0.30-a0-937-ga0a21ad780
  9219 | D:9      | Killed an orc warlord
  9550 | D:10     | Reached skill level 10 in Ranged Weapons
  9649 | D:10     | Found Tiluxt's Distillery.
  9698 | D:10     | Noticed a +0 hand axe
  9699 | D:10     | Found a hide-covered altar of Uskayaw.
  9699 | D:10     | Noticed a +0 hand axe
  9736 | D:10     | Noticed an orc warlord
  9740 | D:10     | Noticed a centaur warrior
  9773 | D:10     | Killed an orc warlord
  9784 | D:10     | Killed a centaur warrior
 10266 | D:10     | Found an ancient bone altar of Kikubaaqudgha.
 10484 | D:10     | Noticed a +0 dagger of electrocution
 10484 | D:10     | Killed a +0 dagger of electrocution
 10806 | D:10     | Noticed a two-headed ogre
 10809 | D:10     | Killed a two-headed ogre
 10812 | D:10     | Found an iron altar of Okawaru.
 10814 | D:10     | Found a glowing golden altar of the Shining One.
 10815 | D:10     | Found an ornate altar of the Wu Jian Council.
 10815 | D:10     | Found a sparkling altar of Nemelex Xobeh.
 10816 | D:10     | Found a burning altar of Makhleb.
 10816 | D:10     | Found a shimmering blue altar of Sif Muna.
 10820 | D:10     | Became a worshipper of Warmaster Okawaru
 10950 | D:10     | Noticed an orc knight
 10983 | D:9      | Killed an orc knight
 11304 | D:10     | Bought a potion of invisibility for 120 gold pieces
 11314 | D:11     | Reached skill level 10 in Fighting
 11501 | D:11     | Found Zocophyn's Magic Scroll Shop.
 11507 | D:11     | Bought a scroll of fog for 44 gold pieces
 11530 | D:11     | Noticed an orc high priest
 11536 | D:11     | Killed an orc high priest
 11540 | D:11     | Noticed a centaur warrior
 11558 | D:11     | Noticed a boulder beetle
 11924 | D:11     | Killed a boulder beetle
 11925 | D:11     | Reached XP level 12. HP: 82/106 MP: 12/12
 11951 | D:11     | HP: 1/106 [centaur warrior (8)]
 11976 | D:10     | Noticed an orc warlord
 12423 | D:11     | Found a staircase to the Orcish Mines.
 12448 | D:11     | Killed a centaur warrior
 12448 | D:11     | Reached * piety under Okawaru
 12449 | D:11     | Reached skill level 11 in Ranged Weapons
 12722 | D:12     | Noticed a two-headed ogre
 12725 | D:12     | Killed a two-headed ogre
 12725 | D:12     | Reached ** piety under Okawaru
 12971 | D:12     | Noticed a two-headed ogre
 12978 | D:12     | Killed a two-headed ogre
 12978 | D:12     | Reached *** piety under Okawaru
 12979 | D:12     | Reached skill level 5 in Dodging
 13062 | D:12     | Noticed Bogric
 13087 | D:12     | Killed Bogric the orc warlord
 13390 | D:12     | HP: 1/108 [orc warrior/+0 hand axe[the wrath of Beogh] (9)]
 13393 | D:12     | Slain by an orc warrior

Illustrated notes

Levels and vault maps discovered:
D:1:      lemuel_arrival_rhombus, layout_basic, minmay_pentomino_r2
D:2:      layout_loops_ring, basic_altar
D:3:      layout_basic, mainiacjoe_overflow_alcove_4, uniq_sigmund
D:4:      layout_basic, general_overflow_altar,
          nicolae_qazlal_general_emergency, gammafunk_ghost_nasty_kobolds,
          dk_rats_in_the_wall
D:5:      layout_basic, dreamdust_princess_bridge, minivault_25
D:6:      layout_layer_cave, mainiacjoe_overflow_boulevard,
          ebering_ghost_reflecting_pool, uniq_blork_the_orc
D:7:      layout_loops_ring, temple_pool_b, uniq_duvessa, uniq_pikel
D:8:      layout_basic, lemuel_doored_altar, hellmonk_lair_entry_icy,
          serial_shops, shop, minmay_misc_feat_five,
          minmay_fractal_squares_gapless_5, uniq_maurice, uniq_joseph
D:9:      layout_roguey
D:10:     minmay_thick_lines, layout_layer_cave, dancing_weapons_uskayaw,
          nicolae_kikubaaqudgha_miasma_corner, grunt_temple_overflow_open,
          serial_shops, nicolae_shop_behind_doors
D:11:     layout_roguey, erik_orc_1, special_room [special_room_orc],
          serial_shops, nicolae_shop_stone
D:12:     layout_irregular_city, hangedman_tell_no_tales
Temple:   nicolae_temple_ecumenical_triangle

Skill      XL: |  1  2  3  4  5  6  7  8  9 10 11 12 |
---------------+-------------------------------------+-----
Stealth        | 2 |  2.5
Fighting       | 4 5 6 8 9 10 | 10.7
Ranged Weapons | 2 3 4 6 7 9 10 11 | 11.5
Maces & Flails | 4 |  4.5
Armour         | 1 2 3 4 6 7 8 9 |  9.3
Short Blades   | 2 3 5 6 7 8 |  8.5
Dodging        | 3 4 5 |  5.0

Action                     |  1- 3 |  4- 6 |  7- 9 | 10-12 || total
---------------------------+-------+-------+-------+-------++-------
  Melee: Mace              |    81 |    45 |       |       ||   126
         Dagger            |       |       |   185 |   403 ||   588
         Punch             |       |       |     3 |     8 ||    11
   Fire: Arbalest          |    20 |    25 |    44 |   191 ||   280
 Invoke: Convert to Beogh  |     1 |       |       |       ||     1
         Renounce Religion |       |       |     1 |       ||     1
    Use: Scroll            |       |     6 |     9 |    11 ||    26
         Potion            |       |     1 |       |     9 ||    10
   Stab: Sleeping          |     2 |       |       |       ||     2
 Armour: Robe              |     9 |       |       |       ||     9
         Scale mail        |     8 |       |       |       ||     8
         Plate armour      |    15 |    32 |   171 |     8 ||   226
         Leather armour    |       |       |       |   229 ||   229
         Skin              |       |       |       |    23 ||    23
  Dodge: Dodged            |    72 |    13 |    53 |   322 ||   460
         Repelled          |       |       |       |     1 ||     1
  Block: Kite shield       |       |       |       |    12 ||    12

Table legend: (Time is in decaauts)
 A = Elapsed time spent in this place.
 B = Non-inter-level travel time spent in this place.
 C = Inter-level travel time spent in this place.
 D = Time resting spent in this place.
 E = Time spent auto-exploring this place.
 F = Levels seen in this place.
 G = Mean time per level.
                   A        B        C        D        E       F      G
               +--------+--------+--------+--------+--------+-----+--------+
         Total |  13695 |  12753 |    942 |   1606 |   8903 |  13 | 1053.5 |
       Dungeon |  13633 |  12699 |    934 |   1606 |   8873 |  12 | 1136.1 |
        Temple |     61 |     53 |      8 |      0 |     30 |   1 |   61.0 |
               +--------+--------+--------+--------+--------+-----+--------+

Top non-repeatable levels by time:
    D:10: 2024 daAuts
     D:9: 1859 daAuts
     D:8: 1325 daAuts
     D:6: 1317 daAuts
     D:4: 1250 daAuts
     D:7: 1031 daAuts
     D:1: 1008 daAuts
     D:3: 921 daAuts
    D:11: 846 daAuts
     D:2: 776 daAuts
     D:5: 656 daAuts
    D:12: 617 daAuts
  Temple: 61 daAuts
